 Dungeon Crawl Stone Soup version 0.28.0-1-gb440e238dd (webtiles) character file.

Game seed: 16226168215712676264

71 Sanktem7 the Skirmisher (level 4, -7/41 HPs)
             Began as a Minotaur Fighter on Feb 23, 2022.
             Mangled by Grinder (9 damage)
             ... on level 3 of the Dungeon.
             The game lasted 00:02:57 (1737 turns).

Sanktem7 the Skirmisher (Minotaur Fighter)          Turns: 1737, Time: 00:02:57

Health: -7/41      AC:  7    Str: 22    XL:     4   Next: 5%
Magic:  3/3        EV:  9    Int:  5    God:
Gold:   61         SH:  4    Dex: 10    Spells: 3/3 levels left

rFire   . . .      SeeInvis .   a - +0 war axe {axe}
rCold   . . .      Faith    .   c - +0 buckler
rNeg    . . .      Spirit   .   b - +0 scale mail
rPois   .          Reflect  .   (helmet restricted)
rElec   .          Harm     .   (no cloak)
rCorr   .          Rampage  .   (no gloves)
Will    .....                   (no boots)
Stlth   ..........              (no amulet)
HPRegen 0.13/turn               (no ring)
MPRegen 0.08/turn               (no ring)

@: no status effects
A: horns 2, retaliatory headbutt
a: no special abilities


You were on level 3 of the Dungeon.
You visited 1 branch of the dungeon, and saw 3 of its levels.

You collected 61 gold pieces.


Innate Abilities, Weirdness & Mutations

You have a pair of horns on your head.
You reflexively headbutt those who attack you in melee.


   Skills:
 * Level 4.7 Fighting
 * Level 3.8 Axes
 + Level 4.1 Armour
 - Level 3.6 Shields


You had 3 spell levels left.
You didn't know any spells.
Your spell library was empty.

Inventory:

Hand Weapons
 a - a +0 war axe (weapon) {axe}
 f - a +1 vorpal flail {mace}
   (You took it off a gnoll on level 1 of the Dungeon)
 k - a +2 dagger of venom {short}
   (You took it off a kobold on level 1 of the Dungeon)
 p - a +2 dagger of flaming {short}
   (You took it off a kobold on level 2 of the Dungeon)
Missiles
 e - 66 stones (quivered) {throwing}
 h - 8 poisoned darts {throwing}
 i - 3 boomerangs {throwing}
 r - 17 arrows
 s - 18 bolts
Armour
 b - a +0 scale mail (worn)
 c - a +0 buckler (worn)
Jewellery
 t - a ring of poison resistance
   (You found it on level 3 of the Dungeon)
Scrolls
 j - a scroll of fog {unknown}
 l - a scroll of identify {unknown}
 m - a scroll of enchant armour {unknown}
 n - a scroll of amnesia {unknown}
 o - a scroll of summoning {unknown}
 q - a scroll of immolation {unknown}
Potions
 d - a potion of might
 g - 2 potions of brilliance {unknown}

Dungeon Overview and Level Annotations

Branches:
Dungeon (3/15)

Altars:

Annotations:
D:3 Grinder

♣...............
#..............
#..............
#..............
##.............
.#####.....#.....#
.........##########.
........{#####......
........@......>....
>.......)...........
.........#..........
....................
.......†.###........
.......####......###
....#####....#####
...#####...........
...#.....###.#.#####


There were no monsters in sight!


Message History

The bat hits you but does no damage. The bat barely misses you.
Grinder drinks a potion.
Grinder flickers and vanishes!
Deactivating autopickup; reactivate with Ctrl-A.
The bat hits you but does no damage. The bat hits you but does no damage.
The bat closely misses you.
Something tries to affect you, but you resist.
The bat hits you but does no damage.
You slash the bat!
You kill the bat!
You miss something.
No target in view!
No target in view!
No target in view!
No target in view!
No target in view!
No target in view!
No target in view!
No target in view!
Found a stone staircase leading down.
You see here a bat corpse.
You completely miss something. Your headbutt misses something.
Something hits you but does no damage.
Something tries to affect you, but you resist.
You miss something. Your headbutt misses something.
Something completely misses you.
You closely miss something. Your headbutt misses something.
No target in view!
You see here the +6 trident of Gutieritz {antimagic, Drain rElec rN++ rCorr, polearm}.
Found a stone staircase leading up.
Level annotation: Grinder 🤖 Initializing magus.rc ...
Options error: Delay interrupt name "hungry" not recognised. (~/.crawlrc:4768) Options error: Bad monster_list_colour key: strict_neutral (~/.crawlrc:4783) ✅ Successfully initialized magus.rc [v1.9.6] Welcome back, Sanktem7 the Minotaur Fighter.
Press ? for a list of commands and other information.
A bat comes into view.
You completely miss the bat. You block the bat's attack.
The bat hits you but does no damage.
You miss the bat. You headbutt the bat. The bat barely misses you.
You closely miss the bat. The bat hits you but does no damage.
Something hits you.
You writhe in agony.
Deactivating autopickup; reactivate with Ctrl-A. 😕 HP[-3]
You take 3 damage, and now have 38/41 hp.
The bat barely misses you. 😕 HP[+1]
The bat closely misses you. The bat barely misses you. You furiously retaliate!
You headbutt the bat.
You kill the bat!
You suddenly lose the ability to move!
You shrug off the repeated paralysis!
You can move again. 😕 HP[+1] Pain shoots through your body! 😕 HP[-4]
You take 4 damage, and now have 36/41 hp.
Grinder appears from thin air!
Reactivating autopickup.
Grinder grins, showing sharp teeth.
You see here the +6 trident of Gutieritz {antimagic, Drain rElec rN++ rCorr, polearm}.
Grinder gestures at you. You resist with significant effort.
You hit Grinder. Grinder gestures at you.
Pain shoots through your body! 😮 HP[-10]
You take 10 damage, and now have 26/41 hp.
MASSIVE DAMAGE!! (PAUSE)
You slash Grinder! Grinder barely misses you.
You barely miss Grinder. You headbutt Grinder! Grinder hits you.
You writhe in agony.
Grinder drinks a potion.
Grinder flickers and vanishes!
Deactivating autopickup; reactivate with Ctrl-A. 😮 HP[-4]
You take 4 damage, and now have 22/41 hp.
You miss something. Something hits you.
* * * LOW HITPOINT WARNING * * *
😨 HP[-4]
You take 4 damage, and now have 18/41 hp.
You miss something. Something hits you!
* * * LOW HITPOINT WARNING * * *
You writhe in agony.
* * * LOW HITPOINT WARNING * * *
😱 HP[-11]
You take 11 damage, and now have 7/41 hp.
MASSIVE DAMAGE!! (PAUSE)
You barely miss something. Your headbutt misses something.
Something hits you but does no damage. Something hits you.
* * * LOW HITPOINT WARNING * * *
You writhe in agony.
* * * LOW HITPOINT WARNING * * *
😱 HP[-5]
You take 5 damage, and now have 2/41 hp.
You completely miss something. You headbutt something. Something hits you!
You die...

Skill      XL: |  1  2  3 |
---------------+----------+-----
Fighting       | 4 |  4.7
Axes           | 3 |  3.8
Armour         | 4 |  4.1
Shields        | |  3.6

Action                   |  1- 3 |  4- 6 || total
-------------------------+-------+-------++-------
Melee: War axe           |    65 |    18 ||    83
       Headbutt          |    13 |     3 ||    16
Armor: Scale mail        |    42 |     9 ||    51
Dodge: Dodged            |    32 |    11 ||    43
Block: Buckler           |    17 |     2 ||    19

Levels and vault maps discovered:
D:1:      kilobyte_arrival_exit_the_forest, layout_loops_cross
D:2:      layout_rooms, shapermc_ecumenical_altar_venn
D:3:      layout_rooms, serial_bayou, serial_bayou_ford_a, serial_bayou_shore_a,
          serial_bayou_lagoon_b, serial_bayou_lake_a, uniq_ijyb, uniq_grinder,
          uniq_sigmund

Notes
Turn   | Place    | Note
-------+----------+-------------------------------------------
     0 | D:1      | Sanktem7 the Minotaur Fighter began the quest for the Orb.
     0 | D:1      | Reached XP level 1. HP: 19/19 MP: 0/0
     0 | D:1      | magus.rc [v1.9.6]
     0 | D:1      | magus.rc [v1.9.6]
   120 | D:1      | Reached skill level 4 in Fighting
   120 | D:1      | Reached XP level 2. HP: 11/27 MP: 1/1
   311 | D:1      | Reached skill level 3 in Axes
   611 | D:1      | Reached XP level 3. HP: 31/33 MP: 2/2
   612 | D:1      | Reached skill level 4 in Armour
  1453 | D:2      | Found a faded altar of an unknown god.
  1546 | D:2      | Reached XP level 4. HP: 39/41 MP: 3/3
  1693 | D:3      | Noticed Grinder
  1706 | D:3      | Identified the +6 trident of Gutieritz {antimagic, Drain
                  | rElec rN++ rCorr}
  1710 | D:3      | magus.rc [v1.9.6]
  1720 | D:3      | Paralysed by something for 5 turns
  1735 | D:3      | HP: 10/41 [something (8)]
  1736 | D:3      | HP: 2/41 [something (5)]
  1737 | D:3      | Mangled by Grinder

Vanquished Creatures
  2 adders (D:2)
  A gnoll (D:1)
  A dart slug (D:1)
  2 ball pythons
  4 endoplasms
  A giant cockroach (D:1)
  A goblin (D:1)
  4 hobgoblins
  4 jackals (D:1)
  3 quokkas (D:2)
  6 bats
  3 frilled lizards
  7 kobolds
  A rat (D:2)
40 creatures vanquished.

Table legend:
 A = Non-vault XP
 B = Vault XP
 C = Vault XP percentage of total XP
 D = Non-vault monster count
 E = Vault monster count
 F = Vault count percentage of total count
                 A         B        C        D         E       F
            +---------+---------+-------+---------+---------+-------
      Total |     102 |       0 |   0.0 |      40 |       0 |   0.0
            +---------+---------+-------+---------+---------+-------
        D:1 |      49 |       0 |   0.0 |      20 |       0 |   0.0
        D:2 |      51 |       0 |   0.0 |      18 |       0 |   0.0
        D:3 |       2 |       0 |   0.0 |       2 |       0 |   0.0
            +---------+---------+-------+---------+---------+-------

Illustrated notes

Table legend:
 A = Kills in this place as a percentage of kills in entire the game.
 B = Kills by you in this place as a percentage of kills by you in the entire game.
 C = Kills by friends in this place as a percentage of kills by friends in the entire game.
 D = Other kills in this place as a percentage of other kills in the entire game.
 E = Experience gained in this place as a percentage of experience gained in the entire game.
 F = Experience gained in this place divided by the number of levels of this place that you have seen.
                   A       B       C       D       E      F
               +-------+-------+-------+-------+-------+----------------------
         Total | 100.0 | 100.0 |   N/A |   N/A | 100.0 |  34.0
       Dungeon | 100.0 | 100.0 |   N/A |   N/A | 100.0 |  34.0
               +-------+-------+-------+-------+-------+----------------------

Table legend: (Time is in decaauts)
 A = Elapsed time spent in this place.
 B = Non-inter-level travel time spent in this place.
 C = Inter-level travel time spent in this place.
 D = Time resting spent in this place.
 E = Time spent auto-exploring this place.
 F = Levels seen in this place.
 G = Mean time per level.
                   A        B        C        D        E       F      G
               +--------+--------+--------+--------+--------+-----+--------+
         Total |   1772 |   1681 |     91 |      0 |   1428 |   3 |  590.7 |
       Dungeon |   1772 |   1681 |     91 |      0 |   1428 |   3 |  590.7 |
               +--------+--------+--------+--------+--------+-----+--------+

Top non-repeatable levels by time:
     D:1: 1143 daAuts
     D:2: 562 daAuts
     D:3: 66 daAuts
